Cogmind - Beta 10 X2 @@@ ROGUE MODE // 2020.07.06 @ 17:01:14 Player: Decinym Result: Destroyed by DAS Turret with DAS Cannon Performance ------------- Evolutions (1) 500 Regions Visited (5) 1000 Robots Destroyed (29) 145 Value Destroyed (662) 662 Prototype IDs (25) 500 Alien Tech Used (0) 0 Bonus (-105) -105 TOTAL SCORE: 2702 Bonus ------- Aligned with FarCom 300 Friendly Fire -405 Cogmind --------- Core Integrity 0/400 Matter 239/300 Energy 2/100 System Corruption 0% Temperature Cool (0) Movement Core (600) Ox11 Location -9/Exiles Parts ------- > --- POWER (1) -------- (None) > --- PROPULSION (2) --- (None) > --- UTILITY (4) ------ High-capacity Storage Unit Improved Targeting Computer > --- WEAPON (2) ------- Heavy EM Pulse Gun > --- INVENTORY (12) --- Improved Medium Laser Grenade Launcher Mining Claw Mining Claw Peak State ------------ > --- POWER ------------ Light Nuclear Core > --- PROPULSION ------- Light Treads Light Treads > --- UTILITY ---------- Improved Heat Sink Large Storage Unit High-capacity Storage Unit Improved Targeting Computer > --- WEAPON ----------- Improved Medium Laser Improved Medium Laser > --- INVENTORY -------- Light Ion Engine Light Treads Improved Targeting Computer Improved Targeting Computer Light Armor Plating Hacking Suite Heavy EM Pulse Gun Improved Medium Laser Improved Medium Laser Improved Medium Laser Light Cannon Light Cannon Grenade Launcher Mining Claw Mining Claw Deploy-a-Sentry Deploy-a-Sentry [Rating: 22] Favorites ----------- Power Light Nuclear Core Engine Light Ion Engine Power Core Light Nuclear Core Propulsion Light Treads Treads Light Treads Leg Aluminum Leg Utility Improved Heat Sink Device Improved Heat Sink Storage High-capacity Storage Unit Processor Improved Targeting Computer Protection Light Armor Plating Weapon Light Cannon Energy Gun Improved Medium Laser Ballistic Gun Light Assault Rifle Ballistic Cannon Light Cannon Slashing Weapon Mining Claw Build | -11 -10 -10 -9 -9 -9 ------- Run | Scr Mat Min Mat Min Exi Slots Evolved 2 | . . . 2 . . Power . | . . . . . . Propulsion . | . . . . . . Utility 2 | . . . 2 . . Weapon . | . . . . . . Parts Attached 35 | . 14 . 7 . 14 Power 1 | . 1 . . . . Engine . | . . . . . . Core 1 | . 1 . . . . Reactor . | . . . . . . Propulsion 5 | . 3 . . . 2 Treads 4 | . 3 . . . 1 Leg 1 | . . . . . 1 Wheel . | . . . . . . Hover . | . . . . . . Flight . | . . . . . . Utility 5 | . 2 . 2 . 1 Device 1 | . 1 . . . . Storage 2 | . 1 . 1 . . Processor 1 | . . . 1 . . Hackware . | . . . . . . Protection 1 | . . . . . 1 Artifact . | . . . . . . Weapon 24 | . 8 . 5 . 11 Energy Gun 12 | . 2 . 3 . 7 Energy Cannon . | . . . . . . Ballistic Gun . | . . . . . . Ballistic Cannon 6 | . 3 . 1 . 2 Launcher . | . . . . . . Special Weapon . | . . . . . . Impact Weapon . | . . . . . . Slashing Weapon 6 | . 3 . 1 . 2 Piercing Weapon . | . . . . . . Special Melee Weapon . | . . . . . . Unidentified Prototypes 2 | . . . 1 . 1 Parts Lost 19 | . 6 . . . 13 Power 2 | . 1 . . . 1 Propulsion 5 | . 1 . . . 4 Utility 2 | . . . . . 2 Weapon 10 | . 4 . . . 6 Highest Loss Streak 8 | . 4 . . . 8 Average Slot Usage (%) 95 | . 95 100 95 100 93 Core 10 | . 10 14 11 11 9 Treads 21 | . 23 28 22 22 18 Leg 1 | . 4 . . . 1 Device 11 | . 10 14 11 11 10 Storage 17 | . 14 14 21 22 19 Processor 5 | . . . 7 11 11 Energy Gun 9 | . 8 . . 22 15 Ballistic Cannon 10 | . 10 28 20 . . Slashing Weapon 3 | . 4 . . . 6 Naked Turns . | . . . . . . Heaviest Build 60 | 9 44 44 60 60 60 Greatest Support 40 | 20 40 40 40 40 40 Greatest Overweight (x) 2 | . 1 1 1 1 2 Average Overweight (x) . | . . 1 1 1 1 Largest Inventory Capacity 18 | . 12 12 18 18 18 Average Capacity 13 | . 9 12 17 18 16 Most Carried 18 | . 11 12 18 18 18 Average Carried 12 | . 6 11 16 18 14 Final Capacity 18 | 6 12 12 18 18 12 Final Carried 18 | 6 11 12 18 18 4 Class Distribution -------------------- 98% | Mutant Dominant Class ---------------- Mutant | -10/Materials Mutant | -10/Mines Mutant | -9/Materials Mutant | -9/Mines Mutant | -9/Exiles Resources | -11 -10 -10 -9 -9 -9 ----------- Run | Scr Mat Min Mat Min Exi Matter Collected 574 | 200 170 . 152 . 52 Remotely . | . . . . . . Salvage Created 773 | . 557 . 216 . . Parts 49 | . 35 . 14 . . Haulers Intercepted 3 | . 2 . 1 . . Recyclers Shooed . | . . . . . . Parts Field Recycled . | . . . . . . Retrieved Matter . | . . . . . . Parts Self-Destructed . | . . . . . . Prevented . | . . . . . . Kills | -11 -10 -10 -9 -9 -9 ------- Run | Scr Mat Min Mat Min Exi Combat Hostiles Destroyed 21 | . 13 . 6 . 2 Melee 5 | . 4 . . . 1 Guns 8 | . 7 . 1 . . Cannons 7 | . 2 . 5 . . AOE 1 | . . . . . 1 Classes Destroyed 8 | . 5 . 2 . 1 Worker 1 | . 1 . . . . Builder 1 | . . . 1 . . Hauler 3 | . 2 . 1 . . Operator 3 | . 2 . 1 . . Swarmer 4 | . 3 . 1 . . Grunt 14 | . 10 . 4 . . Brawler 1 | . . . 1 . . Assembled 1 | . . . . . 1 Best Kill Streak 5 | . 5 . 2 . 1 Combat Bots Only 3 | . 3 . 2 . 1 Max Kills in Single Turn 2 | . 1 . 2 . 1 Gunslinging . | . . . . . . Exploded 1 | . . . . . 1 Melee 1 | . 1 . . . 1 Uniques/NPCs Destroyed 1 | . . . . . 1 8R-AWN (-9/Exiles) Combat | -11 -10 -10 -9 -9 -9 -------- Run | Scr Mat Min Mat Min Exi Damage Taken 2331 | . 830 12 67 . 1422 Core 513 | . 113 . . . 400 Absorbed by Shields . | . . . . . . Core Remaining (%) 77 | 100 . 54 . . . Volleys Fired 61 | . 40 . 16 . 5 Largest 2 | . 2 . 2 . 2 Hottest 115 | . 115 . 112 . 70 Shots Fired 110 | . 72 . 32 . 6 Gun 72 | . 64 . 4 . 4 Cannon 38 | . 8 . 28 . 2 Launcher . | . . . . . . Special . | . . . . . . Kinetic 56 | . 26 . 28 . 2 Thermal 52 | . 46 . 4 . 2 Explosive . | . . . . . . Electromagnetic 2 | . . . . . 2 Robot Hit Streak 16 | . 16 . 10 . 12 Robot Miss Streak 2 | . 2 . 2 . 2 Penetration Max . | . . . . . . Secondary Targets 2 | . 2 . . . . Max Gunslinging Chain 1 | . 1 . . . . Shots Hit Robots 110 | . 70 . 19 . 21 Core Hits 46 | . 28 . 10 . 8 Critical Hits . | . . . . . . Critical Kills . | . . . . . . Critical Parts Destroyed . | . . . . . . Melee Attacks 43 | . 18 . 2 . 23 Impact . | . . . . . . Slashing 43 | . 18 . 2 . 23 Piercing . | . . . . . . Sneak Attacks 7 | . 5 . . . 2 Combat Hostiles . | . . . . . . Follow-up Attacks 5 | . 3 . . . 2 Damage Inflicted 2369 | . 1271 . 358 . 740 Guns 695 | . 649 . 18 . 28 Cannons 454 | . 85 . 340 . 29 Explosions 219 | . . . . . 219 Melee 1001 | . 537 . . . 464 Ramming . | . . . . . . Kinetic 554 | . 185 . 340 . 29 Thermal 567 | . 549 . 18 . . Explosive 219 | . . . . . 219 Electromagnetic 28 | . . . . . 28 Impact . | . . . . . . Slashing 1001 | . 537 . . . 464 Piercing . | . . . . . . Highest Corruption . | . . . . . . Average Corruption . | . . . . . . Corruption Purged . | . . . . . . Overload Shots . | . . . . . . Overflow Damage 186 | . 186 . . . . Projectiles . | . . . . . . Explosions . | . . . . . . Melee 186 | . 186 . . . . Knockbacks 1 | . 1 . . . . Impact . | . . . . . . Kinetic 1 | . 1 . . . . Secondary . | . . . . . . Self-Inflicted Damage . | . . . . . . Shots . | . . . . . . Rammed . | . . . . . . Targets Rammed . | . . . . . . Kicked . | . . . . . . Crushed . | . . . . . . Highest Temperature 316 | . 316 . 12 . . Average Temperature 122 | . 128 . 7 . . Received Heat Transfer 417 | . 399 6 12 . . Effects 1 | . 1 . . . . Interference 1 | . 1 . . . . Siege Activations . | . . . . . . Robots Corrupted . | . . . . . . Combat Hostiles . | . . . . . . Parts Fried . | . . . . . . Impact Corruptions . | . . . . . . Robots Melted . | . . . . . . Combat Hostiles . | . . . . . . Parts Melted 3 | . 2 . 1 . . Heat Transferred 1448 | . 1411 . 37 . . Parts Sabotaged . | . . . . . . Parts Stolen . | . . . . . . Parts Stripped . | . . . . . . Power Chain Reactions . | . . . . . . Missiles Intercepted . | . . . . . . Alert | -11 -10 -10 -9 -9 -9 ------- Run | Scr Mat Min Mat Min Exi Peak Influence 182 | . 182 . 172 66 . Average Influence 57 | . 79 . 79 66 . Maximum Alert Level . | . . . . . . Low Security (%) 100 | . 100 100 100 100 . Level 1 . | . . . . . . Level 2 . | . . . . . . Level 3 . | . . . . . . Level 4 . | . . . . . . Level 5 . | . . . . . . High Security . | . . . . . . Max Security . | . . . . . . Squads Dispatched 3 | . 2 . 1 . . Investigation . | . . . . . . Extermination . | . . . . . . Reinforcement 3 | . 2 . 1 . . Assault . | . . . . . . Garrison . | . . . . . . Intercept . | . . . . . . Construction Impeded . | . . . . . . Haulers Reinforced . | . . . . . . Stealth | -11 -10 -10 -9 -9 -9 --------- Run | Scr Mat Min Mat Min Exi Distress Signals 2 | . 2 . . . . Communications Jammed . | . . . . . . Distress Signals . | . . . . . . Times Spotted 58 | . 28 2 10 . 18 Peak Tracking Total 7 | . 6 2 3 . 7 Tactical Retreats 4 | . . . 1 . 3 Traps | -11 -10 -10 -9 -9 -9 ------- Run | Scr Mat Min Mat Min Exi Traps Triggered . | . . . . . . Indirectly . | . . . . . . Trap Hack Attempts . | . . . . . . Triggered . | . . . . . . Disarmed . | . . . . . . Reprogrammed . | . . . . . . Reused 2 | . . . . . 2 Traps Extracted . | . . . . . . Installed 3 | . . . . . 3 Triggered . | . . . . . . Machines | -11 -10 -10 -9 -9 -9 ---------- Run | Scr Mat Min Mat Min Exi Machines Disabled 3 | . . . 1 . 2 Max in Single Turn 2 | . . . 1 . 2 Machines Sabotaged . | . . . . . . Garrisons Compromised . | . . . . . . Overloaded Fab Kills . | . . . . . . Fab Network Shutdowns . | . . . . . . Hacking | -11 -10 -10 -9 -9 -9 --------- Run | Scr Mat Min Mat Min Exi Machines Accessed 5 | . 2 . 2 . 1 Terminals 4 | . 2 . 2 . . Fabricators . | . . . . . . Repair Stations . | . . . . . . Recycling Units . | . . . . . . Scanalyzers . | . . . . . . Garrison Access . | . . . . . . Total Hacks 9 | . 6 . 2 . 1 Successful 3 | . 2 . . . 1 Failed 6 | . 4 . 2 . . Catastrophic 1 | . . . 1 . . Database Lockouts . | . . . . . . Manual 8 | . 5 . 2 . 1 Terminals 8 | . 6 . 2 . . Fabricators . | . . . . . . Repair Stations . | . . . . . . Recycling Units . | . . . . . . Scanalyzers . | . . . . . . Garrison Access . | . . . . . . Terminal Hacks 3 | . 2 . . . 1 Branch Access Points 1 | . 1 . . . . Unreport Threat 1 | . 1 . . . . EX-Prototype ID Bank 1 | . . . . . 1 Fabricator Hacks . | . . . . . . Repair Station Hacks . | . . . . . . Recycling Unit Hacks . | . . . . . . Scanalyzer . | . . . . . . Garrison Access Hacks . | . . . . . . Unauthorized Hacks . | . . . . . . Terminals . | . . . . . . Fabricators . | . . . . . . Repair Stations . | . . . . . . Recycling Units . | . . . . . . Scanalyzers . | . . . . . . Garrison Access . | . . . . . . Data Cores Recovered . | . . . . . . Used . | . . . . . . Hacking Detections 4 | . 2 . 2 . . Full Trace Events . | . . . . . . Feedback Events . | . . . . . . Feedback Blocked . | . . . . . . Robot Schematics Acquired . | . . . . . . Robots Built . | . . . . . . Matter . | . . . . . . Time . | . . . . . . Total Robot Build Rating . | . . . . . . Part Schematics Acquired . | . . . . . . Parts Built . | . . . . . . Matter . | . . . . . . Time . | . . . . . . Total Part Build Rating . | . . . . . . Parts Repaired . | . . . . . . Time . | . . . . . . Parts Recycled . | . . . . . . Recycled Matter . | . . . . . . Retrieved Matter . | . . . . . . Retrieved Components . | . . . . . . Parts Scanalyzed . | . . . . . . Part Schematics Acquired . | . . . . . . Parts Damaged . | . . . . . . Bothacking | -11 -10 -10 -9 -9 -9 ------------ Run | Scr Mat Min Mat Min Exi Used RIF Installer . | . . . . . . Robots Hacked . | . . . . . . Non-combat . | . . . . . . Combat . | . . . . . . Robot Hacks Applied . | . . . . . . Relay Couplers Released . | . . . . . . Robots Rewired . | . . . . . . Allies Hacked . | . . . . . . Hacks Repelled . | . . . . . . Allies | -11 -10 -10 -9 -9 -9 -------- Run | Scr Mat Min Mat Min Exi Total Allies . | . . . . . . Largest Group . | . . . . . . Highest-Rated Group . | . . . . . . Highest-Rated Ally . | . . . . . . Total Orders . | . . . . . . Ally Attacks 23 | . . . . . 23 Total Damage 1220 | . . . . . 1220 Kills 6 | . . . . . 6 Allies Corrupted . | . . . . . . Allies Melted . | . . . . . . Turrets Deployed 3 | . . . . . 3 Intel | -11 -10 -10 -9 -9 -9 ------- Run | Scr Mat Min Mat Min Exi Robot Analysis Total . | . . . . . . Derelict Logs Recovered 2 | . . 2 . . . Drone Launches . | . . . . . . Drone Recoveries . | . . . . . . Exploration | -11 -10 -10 -9 -9 -9 ------------- Run | Scr Mat Min Mat Min Exi Turns Passed 2612 | . 687 427 352 89 1057 Spaces Moved 1275 | 1 299 235 154 50 536 Core . | . . . . . . Treads 1144 | . 236 235 154 50 469 Legs 131 | 1 63 . . . 67 Wheels . | . . . . . . Hover . | . . . . . . Flight . | . . . . . . Fastest Speed 120 | 120 120 180 180 180 150 Average Speed 174 | 120 162 180 180 180 176 Slowest Speed 200 | 120 180 180 180 180 200 Overloaded Moves . | . . . . . . Propulsion Burnouts . | . . . . . . Robots Hopped . | . . . . . . Cave-ins Triggered . | . . . . . . Exploration Rate (%) 36 | 2 50 81 16 16 54 Regions Visited 5 Branch Regions 3 Pre-discovered Areas . | . . . . . . Known Exits Taken 1 | . 1 . . . . Unknown Exits Taken 4 | 1 . 1 1 1 . Scrap Searched 1 | . . 1 . . . Spaces Dug 1 | . . . 1 . . Terrain Destroyed 6 | . . . 1 . 5 Melee 1 | . . . 1 . . Projectile . | . . . . . . AOE 5 | . . . . . 5 Actions | -11 -10 -10 -9 -9 -9 --------- Run | Scr Mat Min Mat Min Exi Total 1484 | . 400 241 192 49 602 Wait 31 | . 20 . 2 . 9 Move 1270 | . 298 234 153 49 536 Hop . | . . . . . . Pick Up 23 | . 8 4 8 . 3 Fast Attach 8 | . 5 . 3 . . Attach 14 | . 5 . 1 . 8 Detach 4 | . 3 . 1 . . Swap 13 | . 4 . 3 . 6 Drop 19 | . 2 3 3 . 11 Fire 61 | . 40 . 16 . 5 Melee 38 | . 15 . 2 . 21 Ram . | . . . . . . Kick . | . . . . . . Crush . | . . . . . . Escape Stasis . | . . . . . . Rewire . | . . . . . . Trap 3 | . . . . . 3 Miscellaneous . | . . . . . . Route ------- -11/Scrapyard -10/Materials (discovered 2 exits: *Mat / *Min) -10/Mines -9/Materials (discovered 3 exits: Mat x2 / [*Min]) -9/Mines -9/Exiles History --------- Turn | Location | Event 1 | -11/Scrapyard | Discovered new exit (range 0) 1 | -11/Scrapyard | Entered Materials 51 | -10/Materials | Identified exit to Mines 174 | -10/Materials | Lost 4 parts (1p1n2w) 283 | -10/Materials | Discovered new exit (range 11) 301 | -10/Materials | Build established: Mutant 688 | -10/Materials | Entered Mines 688 | -10/Mines | Found a hidden stash of uninstalled traps 734 | -10/Mines | Learned 4 Materials zone layouts 924 | -10/Mines | Learned location of 1 exit from Materials 1097 | -10/Mines | Discovered new exit (range 10) 1115 | -10/Mines | Entered Materials 1115 | -9/Materials | Evolved 2 slots: Utility x2 1116 | -9/Materials | Identified exit to Materials 1426 | -9/Materials | Discovered new exit (range 4) 1467 | -9/Materials | Entered Mines 1548 | -9/Mines | Deemed a non-threat by the Exiles lab entrance 1548 | -9/Mines | Discovered new exit (range 5) 1556 | -9/Mines | Entered Exiles 1601 | -9/Exiles | Met 8R-AWN 1630 | -9/Exiles | Met EX-HEX 1697 | -9/Exiles | Met EX-BIN 2002 | -9/Exiles | Aligned with FarCom system 2004 | -9/Exiles | Given EX-Vault access code 2049 | -9/Exiles | Opened EX-Vault 2065 | -9/Exiles | Found Deploy-a-Sentry 2068 | -9/Exiles | Found Deploy-a-Sentry 2071 | -9/Exiles | Found Deploy-a-Sentry 2109 | -9/Exiles | Warned to stay clear of 0b10 Research branches 2212 | -9/Exiles | DAS Turret deployed 2236 | -9/Exiles | DAS Turret deployed 2267 | -9/Exiles | DAS Turret deployed 2394 | -9/Exiles | Attacked by the Exiles 2483 | -9/Exiles | Destroyed 8R-AWN 2503 | -9/Exiles | Lost 5 parts (1p3n1u) 2586 | -9/Exiles | Core integrity fell below 50% 2612 | -9/Exiles | Core integrity fell below 20% 2613 | -9/Exiles | Destroyed by DAS Turret with DAS Cannon Last Messages --------------- 02476_ HV Slug penetrates Wall. 02479_ Penetrated by HV Slug. 02479_ HV Slug penetrates Earth. 02483_ HV Slug penetrates Wall. 02483_ 8R-AWN destroyed. 02486_ Identified Adv. Myomer Leg. 02495_ The unstable cave ceiling collapses. 02508_ Acquired 50 matter. 02529_ Acquired 2 matter. 02593_ Lgt. Cannon destroyed. 02593_ Knocked back. 02595_ Lgt. Cannon destroyed. 02597_ Imp. Medium Laser destroyed. 02597_ Knocked back. 02599_ Imp. Medium Laser destroyed. 02603_ Imp. Heat Sink destroyed. 02605_ Imp. Medium Laser destroyed. 02605_ Knocked back. 02609_ Imp. Medium Laser destroyed. 02609_ Adv. Myomer Leg destroyed. Map ----- +----------------------------------------------------+ | ??????????????????????????????#" """#?? | | ??????????????????????????????## """"?? | | ???????????????????????????????# """#?? | | ???????????????????????????????#" "X" """"?? | | ???????????????????????????????#" """ #?? | | ???????????????????????????????#" """""""""#?? | | ??????????????????????????????##" ###########?? | | ?????????????????????????????##"" #???????????? | | ?????????????????????????#####"" #???????????? | | ???????????????????????##""""""" ##??????????? | | ???????????????????????"""" " "" ##???####### | | ?????????????????????"" """ " #####"""""" | | ???????????????????? " " " """ | | ?????????????????? "" | | ????????????? ! " | | ????????????? !!! | | ???????????? * | | ???????????? | | ???????????"" """""" | | ??????????? ######""" | | ??????????? ""#?????#####""" | | ??????????"" """#??????????##""" | | ??????????" ""??????????????#"""" | | ??????????" "?????????????##"" | | ?????????" ########??####"""" | | ??????????"t @## ####""" | | ?????????" """" | | ??????????" | | ??????????""" | | ?????????? " | | ??????????? " "" """ | | ???????????""" ""## ##""" " " ""#" | | ???????????? ""#### ######""" """# | | ???????????? """"##??# #????###""""### | | ????????????" """#??## ####???######?? | | ????????????? ""##??#! "!#??????????? | | ????????????? """#????#" !#??????????? | | ??????????????? ??????#" "#??????????? | | ????????????????" ???????#!!""!"#??????????? | | ????????????????? ????????########??????????? | | ?????????????????????????????????????????????????? | | ?????????????????????????????????????????????????? | | ?????????????????????????????????????????????????? | | ?????????????????????????????????????????????????? | | ?????????????????????????????????????????????????? | | ?????????????????????????????????????????????????? | | ?????????????????????????????????????????????????? | | ?????????????????????????????????????????????????? | | ?????????????????????????????????????????????????? | | ?????????????????????????????????????????????????? | +----------------------------------------------------+ Best States ------------- Heat Dissipation 42 Energy Generation 14 Energy Capacity 160 Matter Stores 300 Matter Capacity 300 Sight Range 16 Terrain Scan Density 10 Armor Coverage 150 Evasion (%) 40 Targeting Accuracy 6 Recoil Reduction 2 Item Schematics ----------------- None Robot Schematics ------------------ None Fabricated ------------ Nothing Alien Tech Used ----------------- None Achievements -------------- None Challenges ------------ None Game ------ Seed FactoryStealthStick Manual? 0 Play Time 00:17:51 Cumulative 322.6 hours Start 2020.07.06 @ 16:46:23 End 2020.07.06 @ 17:01:14 Sessions 1 Manual Loads 0 Difficulty Rogue Special Mode None Game No. 358 Rogue 358 Adventurer 0 Explorer 0 Win Type - Total 29 Types 17/3/2/1/2/1/3 Lore% 93 Gallery% 88 Achievement% 78 Wizard Run 0 Options --------- ASCII 0 Keyboard 0 Movement Arrows Keybinds 0 Fullscreen 2 Font 18/SmallcapsGlow Map View 76x50 Tactical HUD 1 Map Filters NONE Filters NONE Steam 1 RUN: 71df0487-8207-4571-aaca-6467978ce6da